 Dungeon Crawl Stone Soup version 0.31-a0-455-g1a7b003ef0 (webtiles) character file.

Game seed: 10755665105667212300

23 jasper the Changeling (level 2, -3/14 HPs)
             Began as a Spriggan Shapeshifter on Aug 3, 2023.
             Slain by a worm (9 damage)
             ... on level 2 of the Dungeon.
             The game lasted 00:02:14 (629 turns).

jasper the Changeling (Spriggan Shapeshifter)        Turns: 629, Time: 00:02:15

Health: -3/14      AC:  2    Str: 11    XL:     2   Next: 72%
Magic:  3/3        EV: 17    Int:  9    God:
Gold:   16         SH:  0    Dex: 15    Spells: 1/1 levels left

rFire   . .          .
                       - Unarmed
rCold   . . .        (no shield)
rNeg    . . .        a - +0 animal skin
rPois   .            (helmet currently unavailable)
rElec   .            (cloak currently unavailable)
rCorr   .            (gloves unavailable)
SInv    +            (boots unavailable)
Will    .....        (no amulet)
Stlth   ++           (no ring)
HPRegen 0.22/turn    (no ring)
MPRegen 0.08/turn

%: no passive effects
@: beast-form, very quick
A: beast (slay +2), very small, no large weapons, unfitting armour, see
invisible, speed 3
a: Begin Untransformation


You were on level 2 of the Dungeon.
You were a hulking beast.
You visited 1 branch of the dungeon, and saw 2 of its levels.

You collected 136 gold pieces.
You spent 120 gold pieces at shops.

Inventory:

Hand Weapons
 d - a +0 dagger
Missiles
 i - 7 stones (quivered)
Armour
 a - a +0 animal skin (worn)
Jewellery
 e - a ring of ice
Talismans
 c - a beast talisman (active)
Scrolls
 k - a scroll of teleportation
Potions
 b - a potion of lignification
 f - a potion of heal wounds
 h - 2 potions of curing


   Skills:
 + Level 1.2 Fighting
 + Level 3.2 Dodging
 + Level 1.7 Stealth
 - Level 2.4 Unarmed Combat
 + Level 4.2 Shapeshifting


You had one spell level left.
You didn't know any spells.
Your spell library was empty.

Dungeon Overview and Level Annotations

Branches:
Dungeon (2/15)

Altars:

Shops:
D:1 =[*?


Innate Abilities, Weirdness & Mutations

You are a hulking beast.
Your limbs bulge with bestial killing power. (Slay +2)
You are very small and have problems with some larger weapons.
You are too small for most types of armour.
You have supernaturally acute eyesight. (SInv)
You cover ground extremely quickly. (Speed+++)


Message History

You take 1 damage, and have 13/14 hp.
You hit the endoplasm.
You kill the endoplasm!
Done exploring.
Health restored: 14 Done exploring.
As you read the scroll labelled ASOL AQITE, it crumbles to dust.
You assume a fearsome visage.
Nothing appears to happen.
It was a scroll of fear.
As you read the scroll labelled XUG SYANIUC, it crumbles to dust.
It is a scroll of identify.
f - a potion of heal wounds
There is a stone staircase leading down here.
You climb downwards.
The kobold shouts!
You hear a bark!
There is a stone staircase leading up here.
A goblin comes into view. It is wielding a +0 club.
You hit the goblin.
You kill the goblin!
The kobold throws a stone.
The stone misses you.
You hit the kobold.
The kobold is heavily wounded.
The kobold misses you.
You hit the kobold.
You kill the kobold!
The worm completely misses you.
Things that are here:
a +0 short sword; 3 stones; a kobold corpse You hit the worm.
The worm is moderately wounded.
You hit the worm but do no damage.
The worm is moderately wounded.
The worm bites you!
Ouch! That really hurt!
You take 8 damage, and have 6/14 hp.
MASSIVE DAMAGE!!
You barely miss the worm.
The worm is moderately wounded.
The worm bites you!
Ouch! That really hurt!
You die...

#. ..... #.
.....
#.##...
.....#
#....##
#.....#####
#.........#
#..<..#
#wh...#
#)#.......
#.#..#.##..
#.).#..#...
#.###..#
##. #. #..#
. . #..# #.
..# #


You could see a worm.

Vanquished Creatures
  2 dart slugs (D:1)
  2 endoplasms (D:1)
  3 goblins
  2 jackals (D:1)
  A kobold (D:2)
  2 ball pythons (D:1)
  3 bats (D:1)
  4 rats (D:1)
19 creatures vanquished.

Notes
Turn   | Place    | Note
-------+----------+-------------------------------------------
     0 | D:1      | jasper the Spriggan Shapeshifter began the quest for the
                  | Orb.
     0 | D:1      | Reached XP level 1. HP: 9/9 MP: 2/2
    77 | D:1      | Reached skill level 1 in Fighting
    77 | D:1      | Reached skill level 1 in Stealth
   114 | D:1      | Reached XP level 2. HP: 14/14 MP: 3/3
   159 | D:1      | Found Sapistaz's Jewellery Boutique.
   160 | D:1      | Found Ackim's Antique Armour Boutique.
   278 | D:1      | Found Ukhocus's General Store.
   306 | D:1      | Bought a potion of curing for 39 gold pieces
   306 | D:1      | Bought a potion of curing for 39 gold pieces
   306 | D:1      | Bought 7 stones for 9 gold pieces
   503 | D:1      | Found Vedghapta's Magic Scroll Boutique.
   509 | D:1      | Bought a scroll of teleportation for 33 gold pieces
   629 | D:2      | Slain by a worm

Illustrated notes

Levels and vault maps discovered:
D:1:      lightli_arrival_boilingwater, layout_basic, serial_shops,
          nicolae_shop_peninsula, shop, shop, shop
D:2:      layout_rooms, uniq_natasha, uniq_crazy_yiuf_cottage, uniq_sigmund

Skill      XL: |  1 |
---------------+----+-----
Fighting       | 1 |  1.2
Stealth        | 1 |  1.7
Dodging        | 3 |  3.2
Unarmed Combat | |  2.4
Shapeshifting  | |  4.2

Action                     || total
---------------------------++-------
  Melee: Unarmed           ||    54
         Punch             ||     1
    Use: Scroll            ||     2
   Stab: Sleeping          ||     1
 Armour: Animal skin       ||     6
  Dodge: Dodged            ||    34

Table legend: (Time is in decaauts)
 A = Elapsed time spent in this place.
 B = Non-inter-level travel time spent in this place.
 C = Inter-level travel time spent in this place.
 D = Time resting spent in this place.
 E = Time spent auto-exploring this place.
 F = Levels seen in this place.
 G = Mean time per level.
                   A        B        C        D        E       F      G
               +--------+--------+--------+--------+--------+-----+--------+
         Total |    429 |    413 |     16 |      0 |    275 |   2 |  214.5 |
       Dungeon |    429 |    413 |     16 |      0 |    275 |   2 |  214.5 |
               +--------+--------+--------+--------+--------+-----+--------+

Top non-repeatable levels by time:
     D:1: 418 daAuts
     D:2: 11 daAuts
